 Dungeon Crawl Stone Soup version 0.23.0-38-g208d714 (webtiles) character file.

Game seed: 4688515184771534702

907 Borgoz the Sneak (level 8, -6/62 (63) HPs)
             Began as a Ghoul Enchanter on Feb 27, 2019.
             Was an Initiate of Ashenzari.
             Shot with an arrow by a centaur (14 damage)
             ... on level 5 of the Dungeon.
             The game lasted 00:10:33 (4152 turns).

Borgoz the Sneak (Ghoul Enchanter)                  Turns: 4152, Time: 00:10:34

HP:   -6/62 (63)    AC:  5    Str: 12    XL:     8   Next: 8%
MP:   9/9           EV: 13    Int: 10    God:    Ashenzari [......]
Gold: 334           SH:  0    Dex: 11    Spells: 7/10 levels left

rFire    . . .     SeeInvis .   a - +4 short sword
rCold    + . .     Gourm    .   (no shield)
rNeg     + + +     Faith    .   h - +0 leather armour
rPois    ∞         Spirit   .   (no helmet)
rElec    .         Reflect  .   v - +0 cloak
rCorr    .         Harm     .   (no gloves)
MR       .....                  r - +0 pair of boots
Stlth    ++........             (no amulet)
HPRegen  0.00/turn              (no ring)
MPRegen  0.11/turn              (no ring)

@: rotting, hasted, very quick
A: rotting body, claws 1, carnivore, cold resistance 1, negative energy
resistance 3, inhibited regeneration, torment resistance, unbreathing
a: Curse Item, Renounce Religion


You were on level 5 of the Dungeon.
You worshipped Ashenzari.
Ashenzari was noncommittal.
You were not hungry.

You visited 2 branches of the dungeon, and saw 6 of its levels.

You collected 334 gold pieces.

Inventory:

Hand Weapons
 a - a +4 short sword (weapon)
 p - a +2 short sword of draining
 q - a +4 quarterstaff of chaos
Missiles
 m - 31 poisoned needles
Armour
 h - a +0 leather armour (worn)
 r - a +0 pair of boots (worn)
 v - a +0 cloak (worn)
Scrolls
 c - a scroll of enchant armour {unknown}
 e - a scroll of magic mapping {unknown}
 f - a scroll of fog
 i - 2 scrolls of remove curse
 l - a scroll of fear {unknown}
 t - a scroll of enchant weapon
 u - a scroll of amnesia {unknown}
 w - a scroll of random uselessness {unknown}
Potions
 b - 2 potions of curing
 k - a potion of brilliance
 n - a potion of haste
 o - a potion of ambrosia {unknown}
 s - a potion of might
Comestibles
 d - 14 rations


   Skills:
 + Level 3.0 Fighting
 * Level 4.0 Short Blades
 * Level 4.4 Dodging
 + Level 4.9 Stealth
 - Level 1.7 Spellcasting
 * Level 4.4 Hexes


You had 7 spell levels left.
You knew the following spells:

 Your Spells              Type           Power        Failure   Level  Hunger
a - Corona                Hex            #......      7%          1    ##.....
b - Ensorcelled Hibernat  Hex/Ice        #.....       26%         2    ###....

Your spell library contained the following spells:

 Spells                   Type           Power        Failure   Level  Hunger
 Confuse                  Hex            #.......     21%         3    ####...
 Tukima's Dance           Hex            #.......     21%         3    ####...
 Freeze                   Ice            #...         38%         1    ##.....
 Magic Dart               Conj           #...         38%         1    ##.....
 Dazzling Spray           Conj/Hex       #.....       45%         3    ####...
 Searing Ray              Conj           #.....       52%         2    ###....
 Throw Frost              Conj/Ice       #.....       52%         2    ###....
 Ozocubu's Armour         Chrm/Ice       #.......     77%         3    ####...
 Fulminant Prism          Conj/Hex       #.........   86%         4    #####..
 Force Lance              Conj/Tloc      #.......     99%         4    #####..
 Iskenderun's Mystic Bla  Conj           #.......     99%         4    #####..
 Summon Ice Beast         Ice/Summ       #.......     99%         4    #####..
 Throw Icicle             Conj/Ice       #.......     99%         4    #####..


Dungeon Overview and Level Annotations

Branches:
Dungeon (5/15)             Temple (1/1) D:4

Altars:
Ashenzari
Cheibriados
Dithmenos
Elyvilon
Fedhas
Gozag
Hepliaklqana
Kikubaaqudgha
Makhleb
Nemelex Xobeh
Okawaru
Qazlal
Ru
Sif Muna
Trog
Uskayaw
Vehumet
Wu Jian
Xom
Yredelemnul
Zin
The Shining One

Annotations:
D:4 Duvessa


Innate Abilities, Weirdness & Mutations

Your body is rotting away.
You thrive on raw meat.
You are immune to poison.
You have sharp fingernails.
You are carnivorous and can eat meat at any time.
Your flesh is cold resistant. (rC+)
You are immune to negative energy. (rN+++)
You do not regenerate when monsters are visible.
You are immune to unholy pain and torment.
You can survive without breathing.


Message History

You feel much better.
You puncture the ogre!
The ogre is almost dead.
A gnoll comes into view. It is wielding a +0 spear.
The ogre hits you with a +0 giant spiked club!!
You feel yourself speed up. The ogre barely misses you.
A gnoll comes into view. It is wielding a +0 club.
You feel your flesh rotting away.
Okay, then.
Okay, then.
Okay, then.
The centaur wields a +0 shortbow.
The centaur shoots an arrow.
The arrow hits you!
* * * LOW HITPOINT WARNING * * *
You see here an arrow.
The centaur shoots an arrow.
The arrow hits you.
* * * LOW HITPOINT WARNING * * *
The gnoll hits you but does no damage.
The centaur shoots an arrow.
The arrow hits you!
You die...

### # ##.## #. #...##
..###.. ##....#
...#....#.....## ###
.......#.@.(...####..##
..c....##....##cO.....#
#...... #..g.#.....#..#
#..c...##..gg#..#..#..#
#
#..../.#........#....#
.# #......#..##....#...
. ##.....#.....#......
....#......##......#...
.............#....### #


You could see an ogre, a centaur and 3 gnolls.

Vanquished Creatures
  Pikel (D:4)
  Dowan (D:4)
  A crimson imp (D:2)
  A centaur zombie (D:5)
  A hound (D:5)
  2 orc wizards (D:4)
  Crazy Yiuf (D:4)
  A bullfrog skeleton (D:5)
  2 worker ants
  A hound zombie (D:5)
  2 adders
  A shadow imp (D:5)
  5 worms
  2 dart slugs
  4 leopard geckos
  9 orcs
  5 bats
  A giant cockroach (D:1)
  6 goblins
  8 hobgoblins
  15 jackals
  8 kobolds
  2 quokkas
  2 frilled lizards
  A leopard gecko skeleton (D:4)
  3 rats
86 creatures vanquished.

Vanquished Creatures (others)
  A slave (D:4)
1 creature vanquished.

Grand Total: 87 creatures vanquished

Notes
Turn   | Place    | Note
-------+----------+-------------------------------------------
     0 | D:1      | Borgoz the Ghoul Enchanter began the quest for the Orb.
     0 | D:1      | Reached XP level 1. HP: 14/14 MP: 2/2
   138 | D:1      | Reached skill level 1 in Short Blades
   268 | D:1      | Reached XP level 2. HP: 20/20 MP: 3/3
   272 | D:1      | Learned a level 2 spell: Ensorcelled Hibernation
   858 | D:2      | Reached XP level 3. HP: 22/27 MP: 4/4
  1237 | D:2      | Reached skill level 1 in Fighting
  1237 | D:2      | Reached XP level 4. HP: 28/35 MP: 5/5
  1852 | D:3      | Reached XP level 5. HP: 40/40 MP: 6/6
  2709 | D:4      | Found a snail-covered altar of Cheibriados.
  2719 | D:4      | Found a staircase to the Ecumenical Temple.
  2734 | D:4      | Reached XP level 6. HP: 34/48 MP: 7/7
  2784 | D:4      | Noticed Pikel
  2784 | D:4      | Noticed a slave
  2804 | Temple   | Entered the Ecumenical Temple
  3066 | Temple   | Became a worshipper of Ashenzari the Shackled
  3086 | D:4      | Noticed a slave
  3116 | D:4      | Killed Pikel
  3116 | D:4      | Reached XP level 7. HP: 32/56 MP: 1/8
  3170 | D:4      | Found a runed translucent door.
  3171 | D:4      | Noticed Crazy Yiuf
  3190 | D:4      | Noticed Duvessa
  3192 | D:4      | Noticed Dowan
  3545 | D:4      | Killed Dowan
  3721 | D:4      | Killed Crazy Yiuf
  3755 | D:5      | Entered Level 5 of the Dungeon
  3912 | D:5      | Reached XP level 8. HP: 46/63 MP: 9/9
  4152 | D:5      | Shot with an arrow by a centaur

Skill      XL: |  1  2  3  4  5  6  7  8 |
---------------+-------------------------+-----
Short Blades   | 1 2 3 4 |  4.0
Dodging        | 2 3 4 |  4.4
Fighting       | 1 2 3 |  3.0
Hexes          | 3 4 |  4.4
Stealth        | 4 |  4.9
Spellcasting   | |  1.7

Action                   |  1- 3 |  4- 6 |  7- 9 || total
-------------------------+-------+-------+-------++-------
Melee: Short sword       |    92 |   166 |   100 ||   358
       Dagger            |     7 |       |       ||     7
 Cast: Corona            |     1 |       |       ||     1
       Ensorcelled Hiber |       |     5 |       ||     5
  Use: Scroll            |       |     4 |     6 ||    10
       Potion            |       |     5 |     2 ||     7
 Stab: Sleeping          |     2 |     2 |     1 ||     5
  Eat: Chunk             |     7 |    14 |    11 ||    32
Armor: Robe              |     6 |       |       ||     6
       Leather armour    |    23 |    17 |    27 ||    67
Dodge: Dodged            |    51 |    93 |    83 ||   227
